PCL
MILE HIGH BRONCOS @ HOUSTON HAMMERTIME
08/16/2023
 
TOP OF THE 1ST
Mile High Broncos batting - Pitching for Houston Hammertime : LHP Esteban Baca
Pitching: LHP Esteban Baca
Batting: RHB Michael MacDonald 0-0: Called Strike
0-1: Fly out, F8 (Flyball, 8RXD)
Batting: RHB Juan Jose Guevana 0-0: Ground out 5-3 (Groundball, 15S)
Batting: RHB Phil White 0-0: Ball
1-0: Called Strike
1-1: Ball
2-1: Ball
3-1: Called Strike
3-2: SINGLE (Line Drive, 5D)
Batting: RHB Ximena Campos 0-0: Hit by Pitch
Phil White to second
Batting: RHB Damian Yates 0-0: Called Strike
0-1: Foul Ball, location: 2F
0-2: Ball
1-2: Strikes out swinging
Top of the 1st over - 0 run(s), 1 hit(s), 0 error(s), 2 left on base; Mile High 0 - Houston 0
BOTTOM OF THE 1ST
Houston Hammertime batting - Pitching for Mile High Broncos : LHP Mark Stewart
Pitching: LHP Mark Stewart
Batting: RHB John Pick 0-0: Ball
1-0: Ball
2-0: Ball
3-0: Called Strike
3-1: Base on Balls
Batting: LHB José Villegas 0-0: Called Strike
John Pick is caught stealing 2nd base
0-1: Ball
1-1: Swinging Strike
1-2: Foul Ball, location: 2F
1-2: Ball
2-2: SINGLE (Line Drive, 89S)
Batting: LHB Tony Tavárez 0-0: Ball
1-0: Fielders Choice at 2nd, 4-6 (Groundball, 4)
Batting: SHB Cristo Ontiveros 0-0: Ball
1-0: Ball
2-0: Ball
3-0: Called Strike
3-1: Fly out, F3 (Line Drive, 3)
Bottom of the 1st over - 0 run(s), 1 hit(s), 0 error(s), 1 left on base; Mile High 0 - Houston 0
TOP OF THE 2ND
Mile High Broncos batting - Pitching for Houston Hammertime : LHP Esteban Baca
Batting: RHB António Martínez 0-0: Ball
1-0: Called Strike
1-1: SINGLE (Line Drive, 56)
Batting: RHB José Herrera 0-0: Ball
1-0: SINGLE (Groundball, 34)
António Martínez to second
Runner from 2nd tries for 3rd, SAFE, throw made to third
Batting: RHB Jesús Espinoza 0-0: Swinging Strike
0-1: Ball
1-1: Ball
2-1: Swinging Strike
2-2: Foul Ball, location: 2F
2-2: Strikes out looking
Batting: RHB Juan Gonzáles 0-0: Ball
1-0: Ball
2-0: Foul Ball, location: 2F
2-1: Fly out, F8 (Line Drive, 8RD)
Runner from 3rd tags up, SCORES, no throw
Batting: RHB Michael MacDonald 0-0: Called Strike
0-1: Foul Ball, location: 2F
0-2: Ball
José Herrera is caught stealing 2nd base
Top of the 2nd over - 1 run(s), 2 hit(s), 0 error(s), 0 left on base; Mile High 1 - Houston 0
BOTTOM OF THE 2ND
Houston Hammertime batting - Pitching for Mile High Broncos : LHP Mark Stewart
Batting: LHB Lorenzo Quintanilla 0-0: Called Strike
0-1: Ball
1-1: Swinging Strike
1-2: Ground out 6-3 (Groundball, 6)
Batting: RHB Santo Cruz 0-0: Fly out, F3 (Popup, 3F)
Batting: LHB Fernando Camacho 0-0: Ball
1-0: Ground out 4-3 (Groundball, 4)
Bottom of the 2nd over - 0 run(s), 0 hit(s), 0 error(s), 0 left on base; Mile High 1 - Houston 0
TOP OF THE 3RD
Mile High Broncos batting - Pitching for Houston Hammertime : LHP Esteban Baca
Batting: RHB Michael MacDonald 0-0: Ground out 5-3 (Groundball, 5)
Batting: RHB Juan Jose Guevana 0-0: Called Strike
0-1: Called Strike
0-2: Ball
1-2: Ball
2-2: Foul Ball, location: 2F
2-2: Ball
3-2: Ground out 4-3 (Groundball, 4)
Batting: RHB Phil White 0-0: Ground out 6-3 (Groundball, 6)
Top of the 3rd over - 0 run(s), 0 hit(s), 0 error(s), 0 left on base; Mile High 1 - Houston 0
BOTTOM OF THE 3RD
Houston Hammertime batting - Pitching for Mile High Broncos : LHP Mark Stewart
Batting: RHB Mario Beltrán 0-0: Called Strike
0-1: Fly out, F4 (Popup, 4D)
Batting: LHB Felipe Cruz 0-0: Ball
1-0: Ground out 5-3 (Groundball, 56)
Batting: RHB John Pick 0-0: SINGLE (Line Drive, 3D)
Batting: LHB José Villegas 0-0: Ball
1-0: Ball
2-0: Ball
3-0: Called Strike
3-1: Fly out, F8 (Flyball, 8RS)
Bottom of the 3rd over - 0 run(s), 1 hit(s), 0 error(s), 1 left on base; Mile High 1 - Houston 0
TOP OF THE 4TH
Mile High Broncos batting - Pitching for Houston Hammertime : LHP Esteban Baca
Batting: RHB Ximena Campos 0-0: SOLO HOME RUN (Flyball, 78XD), Distance : 381 ft
Batting: RHB Damian Yates 0-0: Called Strike
0-1: Swinging Strike
0-2: Ball
1-2: Strikes out swinging
Batting: RHB António Martínez 0-0: Called Strike
0-1: Foul Ball, location: 2F
0-2: Ball
1-2: Ball
2-2: Foul Ball, location: 2F
2-2: Fly out, F7 (Flyball, 7M)
Batting: RHB José Herrera 0-0: Ground out 2-3 (Groundball, 25)
Top of the 4th over - 1 run(s), 1 hit(s), 0 error(s), 0 left on base; Mile High 2 - Houston 0
BOTTOM OF THE 4TH
Houston Hammertime batting - Pitching for Mile High Broncos : LHP Mark Stewart
Batting: LHB Tony Tavárez 0-0: Ball
1-0: Ground out U3 (Groundball, 3)
Batting: SHB Cristo Ontiveros 0-0: Ball
1-0: Called Strike
1-1: Ball
2-1: Ball
3-1: Foul Ball, location: 2F
3-2: Base on Balls
Batting: LHB Lorenzo Quintanilla 0-0: Foul Ball, location: 2F
0-1: Foul Ball, location: 2F
0-2: Ball
1-2: Foul Ball, location: 2F
1-2: Fielders Choice at 2nd, 6-4 (Groundball, 6M)
Batting: RHB Santo Cruz 0-0: Ball
1-0: Swinging Strike
1-1: Foul Ball, location: 2F
1-2: Ball
2-2: Strikes out swinging
Bottom of the 4th over - 0 run(s), 0 hit(s), 0 error(s), 1 left on base; Mile High 2 - Houston 0
TOP OF THE 5TH
Mile High Broncos batting - Pitching for Houston Hammertime : LHP Esteban Baca
Batting: RHB Jesús Espinoza 0-0: SINGLE (Groundball, 34D)
Batting: RHB Juan Gonzáles 0-0: Ball
1-0: Grounds out, U3 (Groundball, 3L)
Batting: RHB Michael MacDonald 0-0: Called Strike
0-1: Ball
1-1: Ball
2-1: Ball
3-1: Foul Ball, location: 2F
3-2: Fly out, F8 (Flyball, 8RM)
Batting: RHB Juan Jose Guevana 0-0: Called Strike
0-1: Ground out 6-3 (Groundball, 6)
Top of the 5th over - 0 run(s), 1 hit(s), 0 error(s), 1 left on base; Mile High 2 - Houston 0
BOTTOM OF THE 5TH
Houston Hammertime batting - Pitching for Mile High Broncos : LHP Mark Stewart
Batting: LHB Fernando Camacho 0-0: Called Strike
0-1: Ball
1-1: Hit by Pitch
Batting: RHB Mario Beltrán 0-0: Ball
1-0: Fly out, F7 (Flyball, 7D)
Batting: LHB Felipe Cruz 0-0: Foul Ball, location: 2F
0-1: Called Strike
0-2: Fly out, F5 (Popup, 15)
Batting: RHB John Pick 0-0: Called Strike
0-1: Hit by Pitch
Fernando Camacho to second
Batting: LHB José Villegas 0-0: Ball
1-0: Swinging Strike
1-1: SINGLE (Groundball, 34D)
Fernando Camacho to third
John Pick to second
Runner from 3rd tries for Home, SAFE, throw made home
John Pick to third
José Villegas to second
Batting: LHB Tony Tavárez 0-0: Foul Ball, location: 2F
0-1: Fly out, F9 (Flyball, 89M)
Bottom of the 5th over - 1 run(s), 1 hit(s), 0 error(s), 2 left on base; Mile High 2 - Houston 1
TOP OF THE 6TH
Mile High Broncos batting - Pitching for Houston Hammertime : LHP Esteban Baca
Batting: RHB Phil White 0-0: Swinging Strike
0-1: Called Strike
0-2: Ball
1-2: Ball
2-2: Ball
3-2: Strikes out swinging
Batting: RHB Ximena Campos 0-0: Called Strike
0-1: Swinging Strike
0-2: Ball
1-2: Ball
2-2: Strikes out swinging
Batting: RHB Damian Yates 0-0: Foul Ball, location: 2F
0-1: Swinging Strike
0-2: Ball
1-2: Strikes out swinging
Top of the 6th over - 0 run(s), 0 hit(s), 0 error(s), 0 left on base; Mile High 2 - Houston 1
BOTTOM OF THE 6TH
Houston Hammertime batting - Pitching for Mile High Broncos : LHP Mark Stewart
Batting: SHB Cristo Ontiveros 0-0: Ball
1-0: Ball
2-0: Foul Ball, location: 2F
2-1: Called Strike
2-2: Ball
3-2: Base on Balls
Batting: LHB Lorenzo Quintanilla 0-0: Ball
1-0: Ball
2-0: Ground out 5-3 (Groundball, 56S)
Cristo Ontiveros to second
Batting: RHB Santo Cruz 0-0: Called Strike
0-1: Ball
1-1: Ball
2-1: Foul Ball, location: 2F
2-2: Ground out 5-3 (Groundball, 56)
Batting: LHB Fernando Camacho 0-0: Swinging Strike
0-1: Ball
1-1: Ball
2-1: Ball
3-1: Foul Ball, location: 2F
3-2: Fly out, F8 (Flyball, 8LM)
Bottom of the 6th over - 0 run(s), 0 hit(s), 0 error(s), 1 left on base; Mile High 2 - Houston 1
TOP OF THE 7TH
Mile High Broncos batting - Pitching for Houston Hammertime : LHP Esteban Baca
Batting: RHB António Martínez 0-0: SINGLE (Groundball, 34D)
Batting: RHB José Herrera 0-0: Foul Ball, location: 2F
0-1: Ground out 4-3 (Groundball, 13)
António Martínez to second
Batting: RHB Jesús Espinoza 0-0: Foul Ball, location: 2F
0-1: Ball
1-1: Foul Ball, location: 2F
1-2: Ground out 5-3 (Groundball, 5S)
António Martínez to third
Batting: RHB Juan Gonzáles 0-0: Ball
1-0: Ball
2-0: Ball
3-0: Base on Balls
Batting: RHB Michael MacDonald 0-0: Swinging Strike
0-1: Ball
1-1: Called Strike
1-2: Strikes out looking
Top of the 7th over - 0 run(s), 1 hit(s), 0 error(s), 2 left on base; Mile High 2 - Houston 1
BOTTOM OF THE 7TH
Houston Hammertime batting - Pitching for Mile High Broncos : LHP Mark Stewart
Batting: RHB Mario Beltrán 0-0: Ball
1-0: Swinging Strike
1-1: Called Strike
1-2: SINGLE (Groundball, 4MD)
Batting: LHB Felipe Cruz 0-0: Called Strike
0-1: Fielders Choice at 2nd, 4-6 (Groundball, 4)
Batting: RHB John Pick 0-0: Ball
1-0: Ball
2-0: SINGLE (Line Drive, 7LS)
Felipe Cruz to second
Pinch Hitting: RHB Luis Barzaga 0-0: Called Strike
0-1: Ball
1-1: Ground out 5-3 (Groundball, 5S)
Felipe Cruz to third
John Pick to second
Pitching: RHP David Bailey
Batting: LHB Tony Tavárez 0-0: Called Strike
0-1: Called Strike
0-2: SINGLE (Flyball, 8RS)
Felipe Cruz scores
John Pick to third
Runner from 3rd tries for Home, SAFE, no throw or cutoff
Batting: SHB Cristo Ontiveros 0-0: Ball
Tony Tavárez is caught stealing 2nd base
Bottom of the 7th over - 2 run(s), 3 hit(s), 0 error(s), 0 left on base; Mile High 2 - Houston 3
TOP OF THE 8TH
Mile High Broncos batting - Pitching for Houston Hammertime : LHP Esteban Baca
Pitching: RHP Ramiro Rivera
Now in RF: Jerry Ritchie
Batting: RHB Juan Jose Guevana 0-0: Ball
1-0: Ball
2-0: Ball
3-0: Base on Balls
Batting: RHB Phil White 0-0: Foul Ball, location: 2F
0-1: Ball
1-1: Swinging Strike
1-2: Strikes out swinging
Batting: RHB Ximena Campos 0-0: Ball
1-0: Foul Ball, location: 2F
1-1: Ball
2-1: Ball
3-1: Called Strike
3-2: Base on Balls
Juan Jose Guevana to second
Batting: RHB Damian Yates 0-0: Ball
1-0: Swinging Strike
1-1: Swinging Strike
1-2: Foul Ball, location: 2F
1-2: Ball
2-2: Foul Ball, location: 2F
2-2: Strikes out swinging
Batting: RHB António Martínez 0-0: Ball
1-0: Reached on Error, E4 (Popup, 3L)
Juan Jose Guevana to third
Ximena Campos to second
Pinch Hitting: LHB Bill Houston 0-0: Ball
1-0: Ball
2-0: DOUBLE (Flyball, 89D)
Juan Jose Guevana scores
Ximena Campos scores
António Martínez to third
Runner from 3rd tries for Home, SAFE, no throw or cutoff
Batting: RHB Jesús Espinoza 0-0: Called Strike
0-1: Ground out 4-3 (Groundball, 4)
Top of the 8th over - 3 run(s), 1 hit(s), 1 error(s), 1 left on base; Mile High 5 - Houston 3
BOTTOM OF THE 8TH
Houston Hammertime batting - Pitching for Mile High Broncos : RHP David Bailey
Now at SS: Vincente Ventura
Now in CF: Bill Houston
Batting: SHB Cristo Ontiveros 0-0: Ball
1-0: Ball
2-0: Ball
3-0: Base on Balls
Pitching: RHP Myoung-chul Im
Batting: LHB Lorenzo Quintanilla 0-0: Foul Ball, location: 2F
0-1: Hit by Pitch
Cristo Ontiveros to second
Batting: RHB Santo Cruz 0-0: Foul Ball, location: 2F
0-1: Bunted foul
0-2: Ball
1-2: Ball
2-2: Foul Ball, location: 2F
2-2: Foul Ball, location: 2F
2-2: Foul Ball, location: 2F
2-2: Ball
3-2: Base on Balls
Cristo Ontiveros to third
Lorenzo Quintanilla to second
Batting: LHB Fernando Camacho 0-0: Swinging Strike
0-1: Ball
1-1: Hit by Pitch
Cristo Ontiveros scores
Lorenzo Quintanilla to third
Santo Cruz to second
Batting: RHB Mario Beltrán 0-0: Called Strike
0-1: Foul Ball, location: 2F
0-2: Strikes out swinging
Batting: LHB Felipe Cruz 0-0: Ball
1-0: Called Strike
1-1: Ball
2-1: Foul Ball, location: 2F
2-2: Strikes out swinging
Batting: RHB John Pick 0-0: Ball
1-0: Ball
2-0: Ball
3-0: Called Strike
3-1: Base on Balls
Lorenzo Quintanilla scores
Santo Cruz to third
Fernando Camacho to second
Batting: LHB Jerry Ritchie 0-0: Called Strike
0-1: Ball
1-1: Ball
2-1: Ball
3-1: Fly out, F5 (Popup, 5L)
Bottom of the 8th over - 2 run(s), 0 hit(s), 0 error(s), 3 left on base; Mile High 5 - Houston 5
TOP OF THE 9TH
Mile High Broncos batting - Pitching for Houston Hammertime : RHP Ramiro Rivera
Pitching: RHP António Mata
Batting: RHB Juan Gonzáles 0-0: Ball
1-0: Called Strike
1-1: Called Strike
1-2: Foul Ball, location: 2F
1-2: SOLO HOME RUN (Flyball, 9LD), Distance : 337 ft
Batting: RHB Michael MacDonald 0-0: Ball
1-0: Ball
2-0: SINGLE (Groundball, 34D)
Batting: RHB Juan Jose Guevana 0-0: Ball
1-0: Ball
Michael MacDonald steals 2nd base
2-0: Called Strike
2-1: Ball
3-1: Fly out, F8 (Line Drive, 8RM)
Batting: RHB Phil White 0-0: Intentional Walk
Batting: RHB Ximena Campos 0-0: Called Strike
Throwing error on steal attempt, E2
Michael MacDonald scores
Phil White to third
0-1: Ball
1-1: Ball
2-1: Swinging Strike
2-2: Foul Ball, location: 2F
2-2: Ground out 4-3 (Groundball, 4M)
Batting: RHB Damian Yates 0-0: Ball
1-0: Ball
2-0: Called Strike
2-1: Foul Ball, location: 2F
2-2: Foul Ball, location: 2F
2-2: Strikes out swinging
Top of the 9th over - 2 run(s), 2 hit(s), 1 error(s), 1 left on base; Mile High 7 - Houston 5
BOTTOM OF THE 9TH
Houston Hammertime batting - Pitching for Mile High Broncos : RHP Myoung-chul Im
Pitching: RHP Thomas Young
Batting: LHB Tony Tavárez 0-0: Ball
1-0: Called Strike
1-1: Ball
2-1: Ball
3-1: Base on Balls
Batting: SHB Cristo Ontiveros 0-0: Swinging Strike
0-1: Swinging Strike
0-2: Ball
1-2: Ball
2-2: Strikes out swinging
Batting: LHB Lorenzo Quintanilla 0-0: Ball
1-0: Ball
2-0: Called Strike
2-1: Ball
3-1: Base on Balls
Tony Tavárez to second
Batting: RHB Santo Cruz 0-0: Ball
1-0: Ball
2-0: Foul Ball, location: 2F
2-1: Swinging Strike
2-2: Fly out, F5 (Line Drive, 5S)
Batting: LHB Fernando Camacho 0-0: Ball
1-0: Called Strike
1-1: Ball
2-1: Called Strike
2-2: Ball
3-2: Base on Balls
Tony Tavárez to third
Lorenzo Quintanilla to second
Batting: RHB Mario Beltrán 0-0: Ball
1-0: Ball
2-0: Ball
3-0: SINGLE (Line Drive, 9LS)
Tony Tavárez scores
Lorenzo Quintanilla to third
Fernando Camacho to second
Batting: LHB Felipe Cruz 0-0: Ball
1-0: Called Strike
1-1: SINGLE (Groundball, 4MD)
Lorenzo Quintanilla scores
Fernando Camacho to third
Mario Beltrán to second
Runner from 3rd tries for Home, SAFE, no throw or cutoff
This league is powered by Out of the Park Baseball, the baseball management simulation game for PC, Mac and Linux
Wednesday, December 2nd, 2015 - OOTP Baseball 16.8 Build 38